 Dungeon Crawl Stone Soup version 0.30.1-4-g462c640d31 (webtiles) character file.

Game seed: 4606349996907917141

1186 wingedge the Chiller (level 7, 0/59 HPs)
             Began as a Demigod Wanderer on Aug 26, 2023.
             Slain by an orc warrior
             ... wielding a +0 spear
              (12 damage)
             ... in a bailey.
             The game lasted 00:34:19 (6521 turns).

wingedge the Chiller (Demigod Wanderer)             Turns: 6521, Time: 00:34:19

Health: 0/59       AC:  4    Str: 11    XL:     7   Next: 99%
Magic:  3/15       EV: 11    Int: 16    God:
Gold:   53         SH:  0    Dex: 21    Spells: 1/12 levels left

rFire   . . .        a - staff of cold
rCold   + . .        (no shield)
rNeg    . . .        f - +0 robe
rPois   +            y - +0 helmet
rElec   .            z - +0 cloak {rPois}
rCorr   .            (no gloves)
SInv    .            (no boots)
Will    .....        (no amulet)
Stlth   +++          E - ring of wizardry
HPRegen 0.29/turn    (no ring)
MPRegen 0.14/turn

%: wizardry (x1)
@: very slightly contaminated
A: high MP 1, forlorn, divine attributes
a: no special abilities


You were in a bailey.
You visited 1 branch of the dungeon, and saw 7 of its levels.
You also visited: Bailey.

You collected 377 gold pieces.
You spent 324 gold pieces at shops.

Inventory:

Hand Weapons
 b - a +1 short sword of speed
 c - a +1 dagger
 d - a +0 heavy flail
 t - a +0 sling
Missiles
 w - 2 javelins
 F - 2 datura-tipped darts
 H - 5 poisoned darts
Armour
 f - a +0 robe (worn)
 g - a +0 ring mail
 k - a +0 leather armour
 y - a +0 helmet (worn)
 z - a +0 cloak of poison resistance (worn)
Magical Staves
 a - a staff of cold (weapon)
Jewellery
 E - a ring of wizardry (left hand)
Wands
 C - a wand of acid (7) (quivered)
 G - a wand of flame (24)
 I - a wand of mindburst (10)
Scrolls
 e - a scroll of silence
 h - 2 scrolls of poison
 j - a scroll of brand weapon
 m - 2 scrolls of immolation
 n - a scroll of fear
 p - a scroll of enchant weapon
 q - a scroll of amnesia {unknown}
 r - 4 scrolls of teleportation
 v - a scroll of enchant armour {unknown}
 A - a scroll of vulnerability {unknown}
 D - 2 scrolls of blinking
Potions
 i - a potion of haste
 l - 2 potions of curing
 o - 2 potions of heal wounds
 s - a potion of cancellation {unknown}
 u - a potion of attraction {unknown}
 x - 2 potions of magic {unknown}
 B - 2 potions of might {unknown}


   Skills:
 - Level 4.0 Fighting
 - Level 4.0 Short Blades
 - Level 3.0 Stealth
 + Level 3.2 Spellcasting
 + Level 1.0 Conjurations
 + Level 3.8 Hexes
 - Level 1.7 Summonings
 + Level 4.4 Ice Magic
 + Level 1.0 Earth Magic
 - Level 1.0 Evocations


You had one spell level left.
You knew the following spells:

 Your Spells              Type           Power      Damage    Failure   Level
a - Ensorcelled Hibernat  Hex/Ice        46%        N/A       1%          2
b - Frozen Ramparts       Ice            50%        1d8       3%          3
c - Tukima's Dance        Hex            14%        N/A       4%          3
d - Stone Arrow           Conj/Erth      10%        3d7       14%         3

Your spell library contained the following spells:

 Spells                   Type           Power      Damage    Failure   Level
 Summon Ice Beast         Ice/Summ       18%        N/A       21%         4
 Spider Form              Tmut/Pois      2%         N/A       22%         3
 Ice Form                 Ice/Tmut       14%        N/A       28%         4
 Anguish                  Hex/Necr       4%         N/A       32%         4
 Passage of Golubria      Tloc           2%         N/A       56%         4
 Yara's Violent Unravell  Hex/Tmut       4%         3d4       65%         5


Dungeon Overview and Level Annotations

Branches:
Dungeon (7/15)             Bailey (1/1)
 Temple: D:4-7

Shops:
D:4 [(*[?   D:6 :(

Annotations:
D:3 2 transporters, MrPagan1517's ghost, amateur DrCA


Innate Abilities, Weirdness & Mutations

You have an increased reservoir of magic. (+10% MP)
You shall have no god before yourself.
Your divine heritage dramatically boosts your attributes as you level up.


Message History

Casting: Frozen Ramparts (dangerous; 3% risk of failure)
Press: ? - help, Dir - look around, f - activate You feel a surge of power!
You miscast Frozen Ramparts.
Nothing appears to happen.
The orc warrior hits you from afar with a +0 spear.
The orc hits you but does no damage.
The orc hits you from afar with a +0 halberd.
The orc closely misses you.
Casting: Frozen Ramparts (dangerous; 3% risk of failure)
Confirm with . or Enter, or press ? or * to list all spells.
Okay, then.
Aiming: Corrosive Bolt
Press: ? - help, Q - select action, (/) - cycle Shift-Dir - straight line, f - orc warrior
Aim: an orc warrior, wielding a +0 spear and wearing a +0 plate armour (moderately wounded, 71% to hit)
The bolt of acid hits the orc!
You kill the orc!
The bolt of acid misses the orc warrior.
You hear a shout!
Your +0 halberd hits the orc!
The orc dies!
The orc warrior hits you from afar with a +0 spear!
* * * LOW HITPOINT WARNING * * *
The orc hits you but does no damage.
Your +0 halberd hits the orc warrior from afar.
Your +0 halberd falls from the air.
Aiming: Corrosive Bolt
Press: ? - help, Q - select action, (/) - cycle Shift-Dir - straight line, f - orc, p - orc warrior
Aim: an orc, wielding a +0 spear and wearing a +0 chain mail (79% to hit)
The bolt of acid hits the orc warrior!
The orc warrior is heavily wounded.
The bolt of acid misses the orc.
The orc warrior hits you from afar with a +0 spear.
* * * LOW HITPOINT WARNING * * *
Aiming: Corrosive Bolt
Press: ? - help, Q - select action, (/) - cycle Shift-Dir - straight line, f - orc warrior, p - orc
Aim: an orc warrior, wielding a +0 spear and wearing a +0 plate armour (heavily wounded, 71% to hit)
The bolt of acid hits the orc warrior.
The acid corrodes the orc warrior!
The orc warrior is severely wounded.
The orc warrior hits you from afar with a +0 spear!
You die...

♣♣♣♣♣♣♣♣ ♣♣......♣♣
♣........♣
#♣..∩..∩..♣#
#..........#
##..........##
###............#
♣♣............♣.
#♣..♣.♣..@....♣♣.##
#≈≈................
#≈≈≈....#oo..#....
#≈≈≈≈≈≈≈#....#≈≈≈≈
#≈≈≈≈≈≈≈#....# ≈≈
#≈≈≈≈≈≈≈#....# ≈≈≈
#♣♣≈≈≈≈≈#....#≈≈≈≈
♣♣♣...#[.).#...≈
....♣....)......


You could see an orc warrior (corroded) and an orc.

Vanquished Creatures
  A water moccasin (D:6)
  2 black bears
  A centaur (D:5)
  A phantom (D:4)
  2 scorpions
  2 hounds
  Crazy Yiuf (D:6)
  An orc priest (D:3)
  3 jellies
  A sleepcap (D:4)
  4 iguanas
  An orc wizard (D:7)
  9 adders
  A white imp (D:6)
  3 worms
  3 dart slugs
  23 orcs
  9 endoplasms
  14 giant cockroaches
  3 hobgoblins
  8 quokkas
  2 ball pythons
  9 bats
  3 frilled lizards
  7 goblins
  6 kobolds
  7 rats
127 creatures vanquished.

Vanquished Creatures (collateral kills)
  An orc priest (D:6)
  An orc (Bailey)
  3 goblins (D:7)
5 creatures vanquished.

Grand Total: 132 creatures vanquished

Notes
Turn   | Place    | Note
-------+----------+-------------------------------------------
     0 | D:1      | wingedge the Demigod Wanderer began the quest for the Orb.
     0 | D:1      | wingedge set off with the following items: a +1 dagger, an
                  | atropa-tipped dart, 2 datura-tipped darts, a +0 short
                  | sword, a scroll of silence, a +0 robe.
     0 | D:1      | Reached XP level 1. HP: 17/17 MP: 3/3
   294 | D:1      | Reached XP level 2. HP: 24/24 MP: 4/4
   740 | D:2      | Reached XP level 3. HP: 30/30 MP: 5/5
  1164 | D:2      | Reached XP level 4. HP: 38/38 MP: 6/6
  2111 | D:3      | Reached skill level 1 in Spellcasting
  2111 | D:3      | Reached skill level 1 in Ice Magic
  2289 | D:3      | Found a transporter.
  2290 | D:3      | Found a transporter.
  2290 | D:3      | Noticed MrPagan1517's ghost (amateur DrCA)
  2599 | D:4      | Reached XP level 5. HP: 17/46 MP: 9/9
  2749 | D:4      | Found Ceuvajel's Armour Shop.
  2752 | D:4      | Bought a +0 helmet for 45 gold pieces
  2752 | D:4      | Bought a +0 cloak of poison resistance for 85 gold pieces
  2908 | D:4      | Found Saplen's Armour Shop.
  3244 | D:4      | Reached skill level 1 in Hexes
  3265 | D:4      | Reached XP level 6. HP: 36/52 MP: 11/11
  3325 | D:4      | Learned a level 2 spell: Ensorcelled Hibernation
  3440 | D:4      | Found Dez Joi's Weapon Boutique.
  3460 | D:4      | Learned a level 3 spell: Frozen Ramparts
  3514 | D:4      | Found Jazxauf's Magic Scroll Emporium.
  3522 | D:4      | Bought a scroll of blinking for 82 gold pieces
  3717 | D:4      | Found Kionen's Assorted Antiques.
  4053 | D:5      | Entered Level 5 of the Dungeon
  4854 | D:5      | Reached XP level 7. HP: 59/59 MP: 0/14
  5024 | D:6      | Found Azoy's Antique Weapon Boutique.
  5147 | D:6      | Learned a level 3 spell: Tukima's Dance
  5315 | D:6      | Reached skill level 1 in Summonings
  5478 | D:6      | Found Udyvef's Tiny Tomes.
  5551 | D:6      | Bought the Book of Attacks for 112 gold pieces
  5555 | D:6      | Learned a level 3 spell: Stone Arrow
  6181 | D:6      | Found a runed translucent door.
  6182 | D:6      | Noticed Crazy Yiuf
  6191 | D:6      | Killed Crazy Yiuf
  6363 | D:7      | Reached skill level 1 in Earth Magic
  6367 | D:7      | Reached skill level 1 in Conjurations
  6431 | D:7      | Found a flagged portal.
  6475 | Bailey   | Entered a bailey
  6521 | Bailey   | Slain by an orc warrior

Illustrated notes

Levels and vault maps discovered:
D:1:      minmay_arrival_open_corners, layout_basic
D:2:      layout_basic, minmay_pentomino_w2
D:3:      minmay_roachtagon, layout_basic, mainiacjoe_overflow_large_starburst,
          mainiacjoe_overflow_six_doors_small, gammafunk_ghost_mausoleum
D:4:      layout_cave_pods, serial_shops, nicolae_shop_hallway_stairs,
          nicolae_shop_bloodbath_and_beyond, nicolae_shop_window_shopping,
          nicolae_shop_hallway_plus, nicolae_diamond_shop
D:5:      layout_basic
D:6:      layout_loops_ring, overflow_temple_1_default, serial_shops, shop,
          minmay_misc_feat_tiny, nicolae_shop_i_like_small_books_too,
          uniq_crazy_yiuf_cottage
D:7:      layout_gridville, mainiacjoe_overflow_boulevard,
          mainiacjoe_overflow_tiny_flanked,
          minmay_temple_entry_drinking_statues, enter_bailey_3,
          minmay_manual_mandibuliform
Bailey:   bailey_polearm_elven_captive_hellmonk, bailey

Skill      XL: |  1  2  3  4  5  6  7 |
---------------+----------------------+-----
Fighting       | 2 3 4 |  4.0
Stealth        | 3 |  3.0
Short Blades   | 4 |  4.0
Spellcasting   | 1 2 3 |  3.2
Ice Magic      | 1 2 3 4 |  4.4
Hexes          | 1 2 3 |  3.8
Summonings     | 1 |  1.7
Earth Magic    | 1 |  1.0
Conjurations   | 1 |  1.0
Evocations     | |  1.0

Action                     |  1- 3 |  4- 6 |  7- 9 || total
---------------------------+-------+-------+-------++-------
  Melee: Dagger            |   127 |   276 |     4 ||   407
         Punch             |     4 |     7 |       ||    11
         Flail             |       |    12 |       ||    12
         Short sword       |       |     1 |    44 ||    45
   Fire: Sling             |       |     3 |       ||     3
  Throw: Boomerang         |     4 |     2 |       ||     6
         Dart              |     1 |       |       ||     1
         Javelin           |       |     4 |       ||     4
   Cast: Ensorcelled Hiber |       |    12 |    10 ||    22
         Frozen Ramparts   |       |     1 |    13 ||    14
         Tukima's Dance    |       |       |     5 ||     5
         Stone Arrow       |       |       |     4 ||     4
  Evoke: Wand              |       |       |     3 ||     3
    Use: Scroll            |       |     7 |     3 ||    10
         Potion            |       |     1 |       ||     1
   Stab: Sleeping          |    10 |    13 |     5 ||    28
         Distracted        |       |     1 |       ||     1
 Armour: Ring mail         |    33 |    86 |       ||   119
         Robe              |       |    11 |    14 ||    25
  Dodge: Dodged            |    41 |   104 |    32 ||   177
